 Dungeon Crawl Stone Soup version 0.27.0-1-g7a089689b8 (webtiles) character file.

Game seed: 5046199642576346127

295 mandarbmax the Shooter (level 6, -3/51 HPs)
             Began as a Minotaur Hunter on Aug 7, 2021.
             Was a Believer of Sif Muna.
             Slain by a gnoll (7 damage)
             ... on level 4 of the Dungeon.
             The game lasted 00:05:24 (5039 turns).

mandarbmax the Shooter (Minotaur Hunter)            Turns: 5039, Time: 00:05:25

Health: -3/51      AC:  6    Str: 19    XL:     6   Next: 11%
Magic:  5/5        EV: 11    Int:  8    God:    Sif Muna [**....]
Gold:   144        SH:  0    Dex: 10    Spells: 5/5 levels left

rFire    . . .     SeeInvis .   b - +2 short sword (venom)
rCold    . . .     Faith    .   (no shield)
rNeg     . . .     Spirit   .   g - +0 ring mail
rPois    .         Reflect  .   (helmet restricted)
rElec    .         Harm     .   r - +0 cloak
rCorr    .         Rampage  .   (no gloves)
Will     .....                  (no boots)
Stlth    +.........             (no amulet)
HPRegen  0.17/turn              (no ring)
MPRegen  0.09/turn              (no ring)

@: mighty, lethally poisoned (-3 -> -22)
A: horns 2, retaliatory headbutt
a: Renounce Religion, Channel Magic


You were on level 4 of the Dungeon.
You worshipped Sif Muna.
Sif Muna was pleased with you.
You visited 1 branch of the dungeon, and saw 4 of its levels.

You collected 186 gold pieces.
You spent 42 gold pieces at shops.

Inventory:

Hand Weapons
 a - a +1 shortbow
 b - a +2 short sword of venom (weapon)
Missiles
 d - 62 arrows
Armour
 g - a +0 ring mail (worn)
 r - a +0 cloak (worn)
Jewellery
 c - a ring of see invisible
Wands
 p - a wand of iceblast (8)
Scrolls
 e - a scroll of summoning {unknown}
 f - a scroll of noise {unknown}
 h - a scroll of identify {unknown}
 i - a scroll of immolation {unknown}
 m - a scroll of acquirement {unknown}
 n - a scroll of amnesia {unknown}
 o - 2 scrolls of magic mapping
 q - a scroll of teleportation {unknown}
Potions
 j - a potion of brilliance {unknown}
 k - a potion of resistance {unknown}
 l - a potion of might


   Skills:
 + Level 3.4 Fighting
 + Level 7.0 Bows
 + Level 1.5 Armour
 + Level 3.4 Dodging
 - Level 1.0 Stealth


You had 5 spell levels left.
You didn't know any spells.
Your spell library was empty.

Dungeon Overview and Level Annotations

Branches:
Dungeon (4/15)             Temple (0/1) D:4

Altars:
Ashenzari
Okawaru
Sif Muna
Vehumet
Zin

Shops:
D:2 !


Innate Abilities, Weirdness & Mutations

You have a pair of horns on your head.
You reflexively headbutt those who attack you in melee.


Message History

You shoot an arrow.
The arrow closely misses the gnoll sergeant.
The gnoll sergeant hits you from afar with a +1 spear of venom.
You are poisoned.
You shoot an arrow.
The arrow hits the gnoll sergeant but does no damage.
You feel sick. The gnoll sergeant closely misses you.
You feel sick.
You feel sick.
You see here a +0 robe.
You feel sick.
You feel sick.
You feel sick.
You are no longer poisoned.
As you read the scroll labelled YNAYTY HURESM, it crumbles to dust.
You feel aware of your surroundings.
It was a scroll of magic mapping.
The gnoll sergeant hits you from afar with a +1 spear of venom!
Unknown command.
Okay, then.
It was a potion of might.
You feel very mighty all of a sudden.
The gnoll sergeant hits you from afar with a +1 spear of venom!
You are poisoned.
You feel better.
The gnoll sergeant hits you but does no damage.
The gnoll hits you but does no damage.
Your +2 short sword of venom begins to drip with poison!
b - a +2 short sword of venom (weapon)
The gnoll sergeant hits you from afar with a +1 spear of venom!
You are poisoned.
The gnoll closely misses you.
You hit the gnoll.
The gnoll is poisoned.
The gnoll is moderately wounded.
* * * LOW HITPOINT WARNING * * *
You feel very sick.
The gnoll sergeant hits you from afar with a +1 spear of venom!
* * * LOW HITPOINT WARNING * * *
You are more poisoned.
The gnoll hits you with a +0 club!
You die...

#.......# ######.#..####
#.####..##########.#..#
#.####..#...)..(##....###
#.##....#.#####.##......###
#.##.##.#[# #.##....#.#..
#.##.##.#.# #.g..........
#.......#g# #.###...#.#..
#.......#.#####.# #.#.#.###
##.#..##.#.@g....# #.....#
##.###.##.######### ###.###
#.## ###......# #.#
##.###_#......####### #.#
#...##.##.###.......# #.#
#.###...##.......##.# #.#
#.##..#..#.##.##.##.###.#
#.##.###.####.##........#
#.##†###.##...#####.#####


You could see a gnoll sergeant and a gnoll (very poisoned).

Vanquished Creatures
  An ogre (D:4)
  An orc wizard (D:4)
  A gnoll (D:4)
  7 adders
  2 worms (D:4)
  5 dart slugs
  13 orcs
  5 bats
  10 endoplasms
  3 giant cockroaches
  6 goblins
  6 hobgoblins
  6 jackals (D:3)
  7 kobolds
  A quokka (D:4)
  8 ball pythons
  4 frilled lizards
  3 rats
89 creatures vanquished.

Vanquished Creatures (others)
  A hobgoblin (D:4)
1 creature vanquished.

Grand Total: 90 creatures vanquished

Notes
Turn   | Place    | Note
-------+----------+-------------------------------------------
     0 | D:1      | mandarbmax the Minotaur Hunter began the quest for the Orb.
     0 | D:1      | Reached XP level 1. HP: 18/18 MP: 0/0
   336 | D:1      | Reached skill level 1 in Stealth
   439 | D:1      | Reached XP level 2. HP: 18/25 MP: 1/1
  1326 | D:2      | Found Riorheam's Distillery.
  1328 | D:2      | Reached XP level 3. HP: 30/30 MP: 2/2
  1405 | D:2      | Bought a potion of curing for 42 gold pieces
  1428 | D:2      | Found a faded altar of an unknown god.
  1433 | D:2      | Reached skill level 5 in Bows
  1440 | D:2      | Became a worshipper of Sif Muna the Loreminder
  1440 | D:2      | Reached * piety under Sif Muna
  1556 | D:2      | Found a broken altar of Ashenzari.
  2029 | D:2      | Reached XP level 4. HP: 38/38 MP: 3/3
  2526 | D:3      | Reached ** piety under Sif Muna
  2539 | D:3      | Reached skill level 6 in Bows
  3484 | D:4      | Reached XP level 5. HP: 45/45 MP: 4/4
  3507 | D:4      | HP: 2/45 [gnoll (1)]
  3831 | D:4      | Found a staircase to the Ecumenical Temple.
  4178 | D:4      | Noticed an ogre
  4193 | D:4      | Killed an ogre
  4194 | D:4      | Reached skill level 7 in Bows
  4194 | D:4      | Reached skill level 1 in Armour
  4309 | D:4      | Reached XP level 6. HP: 51/51 MP: 5/5
  4906 | D:4      | Found an iron altar of Okawaru.
  4906 | D:4      | Found a glowing silver altar of Zin.
  4922 | D:4      | Found a faded altar of an unknown god.
  4924 | D:4      | Found a radiant altar of Vehumet.
  4926 | D:4      | Found a faded altar of an unknown god.
  5039 | D:4      | Slain by a gnoll

Illustrated notes

Levels and vault maps discovered:
D:1:      elethiomel_arrival_infinity_welcomes_careful_drivers,
          layout_loops_ring, grunt_decor_mini_mirrors, minmay_misc_feat_rows,
          minmay_heptomino_d4
D:2:      layout_basic, serial_shops, shop, basic_ecumenical_altar, basic_altar,
          minmay_close_crescents
D:3:      layout_loops_ring, chequers_serial_rivers_large_b
D:4:      layout_loops_cross, chequers_temple_overflow_minitemple,
          minmay_temple_entry_tees

Skill      XL: |  1  2  3  4  5 |
---------------+----------------+-----
Stealth        | 1 |  1.0
Dodging        | 3 |  3.4
Fighting       | 3 |  3.4
Bows           | 5 6 7 |  7.0
Armour         | 1 |  1.5

Action                   |  1- 3 |  4- 6 || total
-------------------------+-------+-------++-------
Melee: Dagger            |    74 |   110 ||   184
       Short sword       |     7 |    25 ||    32
       Headbutt          |    21 |    25 ||    46
 Fire: Shortbow          |     1 |    11 ||    12
  Use: Potion            |       |     4 ||     4
       Scroll            |       |     1 ||     1
Armor: Ring mail         |    19 |    41 ||    60
       Leather armour    |     3 |       ||     3
Dodge: Dodged            |    37 |    87 ||   124
